 Dungeon Crawl Stone Soup version 0.29-a0-1052-g6990b1bffc (webtiles) character file.

Game seed: 7704862170482570453

93 siradein the Insei (level 4, -9/34 HPs)
             Began as a Demonspawn Transmuter on Aug 18, 2022.
             Killed by divine providence
             ... invoked by an orc priest
              (11 damage)
             ... on level 3 of the Dungeon.
             The game lasted 00:03:31 (2273 turns).

siradein the Insei (Demonspawn Transmuter)          Turns: 2273, Time: 00:03:32

Health: -9/34      AC:  7    Str: 10    XL:     4   Next: 37%
Magic:  5/7        EV: 11    Int: 16    God:
Gold:   143        SH:  7    Dex: 14    Spells: 1/7 levels left

rFire   . . .      SeeInvis .     - Unarmed
rCold   . . .      Faith    .   m - +0 buckler
rNeg    . . .      Spirit   .   e - +0 leather armour
rPois   .          Reflect  .   (helmet currently unavailable)
rElec   .          Harm     .   (no cloak)
rCorr   .          Rampage  .   (no gloves)
Will    .....      Archmagi +   (boots currently unavailable)
Stlth   +.........              (no amulet)
HPRegen 0.11/turn               i - ring of the Mage {Wiz Archmagi}
MPRegen 0.10/turn               (no ring)

@: appendages (expiring), wereblooded
A: horns 2, talons 2, icemail 1, condensation shield, weakness stinger 1
a: End Transformation


You were on level 3 of the Dungeon.
You had temporarily grown beastly horns and talons.
You visited 1 branch of the dungeon, and saw 3 of its levels.

You collected 143 gold pieces.

Inventory:

Missiles
 h - 2 throwing nets
Armour
 e - a +0 leather armour (worn)
 m - a +0 buckler (worn)
Jewellery
 c - a ring of fire
 i - the ring of the Mage (left hand) {Wiz Archmagi}
   (You found it on level 2 of the Dungeon)

   [ring of wizardry]

   It improves your spell success rate.
   Archmagi:  It increases the power of your magical spells.
Scrolls
 d - 2 scrolls of identify {unknown}
 g - a scroll of teleportation {unknown}
 j - a scroll of noise {unknown}
 k - a scroll of poison {unknown}
 l - 3 scrolls of fear {unknown}
 n - a scroll of brand weapon {unknown}
Potions
 a - a potion of curing {unknown}
 b - a potion of lignification
 f - 4 potions of heal wounds {unknown}
 o - a potion of might {unknown}


   Skills:
 + Level 2.7 Fighting
 - Level 1.7 Dodging
 + Level 3.0 Unarmed Combat
 + Level 2.3 Spellcasting
 + Level 3.0 Transmutations


You had one spell level left.
You knew the following spells:

 Your Spells              Type           Power      Damage    Failure   Level
a - Beastly Appendage     Tmut           34%        N/A       4%          1
b - Wereblood             Tmut           17%        N/A       6%          2
c - Spider Form           Tmut/Pois      9%         N/A       24%         3

Your spell library contained the following spells:

 Spells                   Type           Power      Damage    Failure   Level
 Sublimation of Blood     Necr           2%         N/A       22%         2
 Ice Form                 Ice/Tmut       9%         N/A       58%         4
 Fireball                 Conj/Fire      1%         3d3       98%         5
 Iskenderun's Battlesphe  Conj           2%         2d6       98%         5
 Conjure Ball Lightning   Conj/Air       1%         3x3d6     100%        6
 Orb of Destruction       Conj           1%         9d5       100%        7
 Summon Hydra             Summ           1%         N/A       100%        7


Dungeon Overview and Level Annotations

Branches:
Dungeon (3/15)

Altars:


Innate Abilities, Weirdness & Mutations

You have temporarily grown beastly horns and talons.
A meltable icy envelope protects you from harm. (AC +4)
A meltable shield of frost defends you. (SH +4)
You have a small tail.


Message History

The orc priest invokes the aid of Beogh against you.
Beogh smites you!
You barely miss the orc. The orc barely misses you.
You hit the orc. Your kick misses the orc.
The orc is heavily wounded.
You block the orc's attack.
You hit the orc. Your headbutt misses the orc.
The orc is severely wounded.
An orc comes into view. It is wielding a +0 mace.
The orc closely misses you.
You closely miss the orc. Your kick misses the orc.
You tail-slap the orc, but do no damage.
The orc is severely wounded.
The orc barely misses you.
You hit the orc.
You feel a bit better.
You kill the orc!
The orc priest hits you with a +0 short sword.
You closely miss the orc priest. Your kick misses the orc priest.
You block the orc priest's attack.
You barely miss the orc priest. You claw the orc priest.
Your headbutt misses the orc priest.
The orc priest is moderately wounded.
The orc priest hits you but does no damage.
You closely miss the orc priest. You headbutt the orc priest.
The orc priest is heavily wounded.
The orc priest hits you with a +0 short sword.
The orc hits you with a +0 mace.
You barely miss the orc priest. Your kick misses the orc priest.
The orc priest is heavily wounded.
Your transformation is almost over.
The orc priest calls down the wrath of Beogh upon you.
Beogh smites you!
* * * LOW HITPOINT WARNING * * *
The orc barely misses you.
You hit the orc priest.
The orc priest is almost dead.
You block the orc's attack.
The orc priest mumbles some strange prayers to Beogh against you.
Beogh smites you!
You die...

#### ... ... ..
### .# #.# .# ..##
#.# ##..#...#
...### #.#
##oo...# #....#
#.#####.@#
...#.####.#......#
............##.###
...#)[..#.##...#
####..#...##.###
##.##...(.# ..
#.##...### #### .#
# #.##.^... #.. .#
## #.###..### ..
##.# ##.#


You could see an orc priest and an orc.

Vanquished Creatures
  Jessica (D:3)
  3 adders
  A worm (D:2)
  An orc (D:3)
  3 ball pythons
  2 endoplasms
  A giant cockroach (D:1)
  2 goblins
  4 hobgoblins
  3 jackals (D:2)
  2 quokkas
  4 bats
  2 frilled lizards
  3 kobolds
  3 rats (D:1)
35 creatures vanquished.

Notes
Turn   | Place    | Note
-------+----------+-------------------------------------------
     0 | D:1      | siradein the Demonspawn Transmuter began the quest for the
                  | Orb.
     0 | D:1      | Reached XP level 1. HP: 15/15 MP: 3/3
   297 | D:1      | Gained mutation: You have a small tail. [demonic ancestry]
   297 | D:1      | Reached XP level 2. HP: 21/21 MP: 3/5
   956 | D:2      | Learned a level 2 spell: Wereblood
  1088 | D:2      | Gained mutation: A meltable shield of frost defends you.
                  | (SH +4) [demonic ancestry]
  1088 | D:2      | Reached XP level 3. HP: 27/27 MP: 4/6
  1186 | D:2      | Found the ring of the Mage {Wiz Archmagi}
  1943 | D:2      | Learned a level 3 spell: Spider Form
  1995 | D:3      | Noticed Jessica
  2001 | D:3      | Killed Jessica
  2008 | D:3      | Gained mutation: A meltable icy envelope protects you from
                  | harm. (AC +4) [demonic ancestry]
  2008 | D:3      | Reached XP level 4. HP: 29/34 MP: 2/7
  2273 | D:3      | Killed from afar by an orc priest

Illustrated notes

Levels and vault maps discovered:
D:1:      dpeg_arrival_snail, layout_basic, kennysheep_nondescript
D:2:      minmay_door_path, layout_basic, serial_glass, glass_columns_b,
          glass_columns_a
D:3:      layout_rooms, hellmonk_ecumenical_altar_prayer_group, uniq_jessica

Skill      XL: |  1  2  3  4 |
---------------+-------------+-----
Transmutations | 2 3 |  3.0
Fighting       | 2 |  2.7
Unarmed Combat | 3 |  3.0
Dodging        | |  1.7
Spellcasting   | |  2.3

Action                   |  1- 3 |  4- 6 || total
-------------------------+-------+-------++-------
Melee: Unarmed           |    79 |    31 ||   110
       Kick              |    20 |     2 ||    22
       Headbutt          |     8 |     5 ||    13
       Tailslap          |     6 |     1 ||     7
       Punch             |     1 |       ||     1
 Cast: Beastly Appendage |    21 |     7 ||    28
       Wereblood         |     1 |     1 ||     2
 Stab: Sleeping          |     1 |       ||     1
Armor: Robe              |     1 |       ||     1
       Leather armour    |    17 |     8 ||    25
Dodge: Dodged            |    51 |    13 ||    64
Block: Other             |     5 |     3 ||     8
       Buckler           |       |     9 ||     9

Table legend: (Time is in decaauts)
 A = Elapsed time spent in this place.
 B = Non-inter-level travel time spent in this place.
 C = Inter-level travel time spent in this place.
 D = Time resting spent in this place.
 E = Time spent auto-exploring this place.
 F = Levels seen in this place.
 G = Mean time per level.
                   A        B        C        D        E       F      G
               +--------+--------+--------+--------+--------+-----+--------+
         Total |   2267 |   2210 |     57 |      0 |   1930 |   3 |  755.7 |
       Dungeon |   2267 |   2210 |     57 |      0 |   1930 |   3 |  755.7 |
               +--------+--------+--------+--------+--------+-----+--------+

Top non-repeatable levels by time:
     D:2: 1021 daAuts
     D:1: 950 daAuts
     D:3: 295 daAuts
